 Dungeon Crawl Stone Soup version 0.30-a0-860-g512cf1e979 (webtiles) character file.

Game seed: 996777105273365354

892 fozzywoppz the Insei (level 7, -6/56 HPs)
             Began as a Demonspawn Monk on Mar 7, 2023.
             Was a Believer of Qazlal.
             Killed by an exploding orc (18 damage)
             ... ignited by their inner flame
             ... on level 6 of the Dungeon.
             The game lasted 00:13:28 (5032 turns).

fozzywoppz the Insei (Demonspawn Monk)              Turns: 5032, Time: 00:13:29

Health: -6/56      AC: 13    Str: 12    XL:     7   Next: 78%
Magic:  7/7        EV: 12    Int: 11    God:    Qazlal [**....]
Gold:   265        SH:  2    Dex: 17    Spells: 6/6 levels left

rFire   + . .      SeeInvis .      - Unarmed
rCold   + . .      Faith    .    (no shield)
rNeg    . . .      Spirit   .    p - +1 ring mail
rPois   .          Reflect  .    (helmet restricted)
rElec   .          Rampage  .    d - scarf {rC+ rF+}
rCorr   .                        (no gloves)
Will    .....                    f - +0 pair of boots
Stlth   +                        (no amulet)
HPRegen 0.29/turn                (no ring)
MPRegen 0.20/turn                (no ring)

@: sanguine armoured
A: antennae 1, demonic guardian 1, magic regeneration, sanguine armour 1
a: Renounce Religion, Upheaval


You were on level 6 of the Dungeon.
You worshipped Qazlal.
Qazlal was pleased with you.
You visited 2 branches of the dungeon, and saw 7 of its levels.

You collected 265 gold pieces.

Inventory:

Hand Weapons
 c - a +2 dagger of venom
Missiles
 a - 10 poisoned darts
 n - 10 javelins (quivered)
Armour
 d - a scarf of resistance (worn)
 f - a +0 pair of boots (worn)
 p - a +1 ring mail (worn)
Wands
 r - a wand of quicksilver (8)
 w - a wand of polymorph (11)
Scrolls
 g - a scroll of teleportation {unknown}
 j - a scroll of identify
 k - a scroll of butterflies {unknown}
 l - a scroll of noise
 o - a scroll of acquirement {unknown}
 u - a scroll of immolation
Potions
 b - a potion of ambrosia
 h - a potion of magic
 i - 2 potions of resistance
 q - a potion of lignification
 s - a potion of cancellation {unknown}
 t - 2 potions of berserk rage
 v - 2 potions of curing


   Skills:
 - Level 5.0 Fighting
 + Level 2.9 Armour
 - Level 5.0 Dodging
 - Level 2.0 Stealth
 + Level 5.5 Unarmed Combat


You had 6 spell levels left.
You didn't know any spells.
Your spell library contained the following spells:

 Spells                   Type           Power      Damage    Failure   Level
 Sandblast                Erth           0%         2d4       61%         1
 Passwall                 Tmut/Erth      0%         N/A       75%         2
 Stone Arrow              Conj/Erth      0%         3d7       93%         3


Dungeon Overview and Level Annotations

Branches:
Dungeon (6/15)             Temple (1/1) D:5

Altars:
Ashenzari
Cheibriados
Dithmenos
Fedhas
Hepliaklqana
Nemelex Xobeh
Okawaru
Qazlal
Sif Muna
Trog
Uskayaw
Vehumet
Xom
Yredelemnul


Innate Abilities, Weirdness & Mutations

You have a pair of small antennae on your head.
A weak demonic guardian rushes to your aid.
You regenerate magic rapidly.
When seriously injured, your blood forms armour. (AC +6)


Message History

A scorpion comes into view.
The orc warrior barely misses you.
You hit the orc warrior.
The orc warrior is lightly wounded.
The orc warrior hits you with a +0 halberd!
Your blood congeals into armour.
You hit the orc warrior.
The orc warrior is moderately wounded.
The orc warrior is engulfed in freezing vapours.
You block the orc warrior's attack.
As you read the scroll labelled DARIPS INKOSE, it crumbles to dust.
The creatures around you are filled with an inner flame!
It was a scroll of immolation.
The orc barely misses you.
The orc warrior is engulfed in freezing vapours.
Flame seeps out of the orc warrior.
The orc warrior hits you with a +0 halberd!
Unknown command.
As you read the scroll labelled LYISIE ZUHOCS, it crumbles to dust.
It is a scroll of enchant armour.
Really abort (and waste the scroll)?
Uppercase [Y]es or [N]o only, please.
Really abort (and waste the scroll)?
Your +0 ring mail glows green for a moment.
The orc hits you but does no damage.
The orc warrior is engulfed in freezing vapours.
Qazlal accepts your kill.
The orc warrior explodes!
You hear a sizzling sound!
The fiery explosion engulfs the scorpion.
Flame seeps out of the scorpion.
The scorpion is lightly wounded.
The fiery explosion engulfs the orc!!
Qazlal accepts your kill. The fiery explosion engulfs you! You resist.
* * * LOW HITPOINT WARNING * * *
The fiery explosion engulfs the orc!!!
Qazlal accepts your kill.
The orc explodes!
The fiery explosion engulfs you!! You resist.
You die...

#..##### ###.......
##.#.#####. ##
##.#..# #. # ..
##.###.#####. #..
#. #.## ##......
#...##.
##.###.######
.....§§#######.#..#
.....§§@...# ##.#.#
.....s####.# #.#.#
#...# #.# #.#.#
#...######.####.#.#
. .............#.#
.#####...#####.#
#...# .# #...#
......


You could see a scorpion (inner flame).

Vanquished Creatures
  Sigmund (D:2)
  2 ice beasts
  An orc warrior (D:6)
  An ogre (D:4)
  A howler monkey (D:4)
  A hound (D:4)
  4 orc priests
  An iguana (D:4)
  5 adders
  A white imp (D:5)
  An ufetubus (D:3)
  A dart slug (D:2)
  13 orcs
  7 ball pythons
  4 bats
  9 endoplasms
  5 giant cockroaches
  7 goblins
  6 hobgoblins
  6 jackals
  10 kobolds
  4 quokkas
  3 frilled lizards
  2 rats (D:3)
96 creatures vanquished.

Vanquished Creatures (collateral kills)
  A phantom (D:4)
  An adder (D:4)
  A worm (D:3)
  A ball python (D:1)
4 creatures vanquished.

Grand Total: 100 creatures vanquished

Notes
Turn   | Place    | Note
-------+----------+-------------------------------------------
     0 | D:1      | fozzywoppz the Demonspawn Monk began the quest for the Orb.
     0 | D:1      | Reached XP level 1. HP: 18/18 MP: 1/1
   236 | D:1      | Gained mutation: A weak demonic guardian rushes to your
                  | aid. [demonic ancestry]
   236 | D:1      | Reached XP level 2. HP: 23/24 MP: 2/2
   865 | D:2      | Reached XP level 3. HP: 26/29 MP: 3/3
   984 | D:2      | You fall into a shaft and drop 2 floors!
  1042 | D:4      | Gained mutation: You regenerate magic rapidly. [demonic
                  | ancestry]
  1042 | D:4      | Reached XP level 4. HP: 23/37 MP: 4/4
  1376 | D:2      | Noticed Sigmund
  1403 | D:3      | Found a sparkling altar of Nemelex Xobeh.
  2107 | D:2      | Killed Sigmund
  2108 | D:2      | Gained mutation: You have a pair of small antennae on your
                  | head. [demonic ancestry]
  2108 | D:2      | Reached XP level 5. HP: 26/43 MP: 5/5
  2108 | D:2      | Reached XP level 6. HP: 29/49 MP: 6/6
  2966 | D:4      | Noticed an ice beast
  3114 | D:4      | Found a shadowy altar of Dithmenos.
  3226 | D:4      | Reached skill level 5 in Fighting
  3334 | D:4      | Gained mutation: When seriously injured, your blood forms
                  | armour. (AC +6) [demonic ancestry]
  3334 | D:4      | Reached XP level 7. HP: 56/56 MP: 7/7
  3491 | D:4      | Reached skill level 1 in Armour
  3540 | D:4      | Reached skill level 5 in Dodging
  3540 | D:4      | Reached skill level 5 in Unarmed Combat
  3823 | D:5      | Entered Level 5 of the Dungeon
  4617 | D:5      | Found a staircase to the Ecumenical Temple.
  4624 | Temple   | Entered the Ecumenical Temple
  4736 | Temple   | Upgraded the game from 0.30-a0-859-gf88a04b62d to
                  | 0.30-a0-860-g512cf1e979
  4742 | Temple   | Became a worshipper of Qazlal Stormbringer
  4742 | Temple   | Reached * piety under Qazlal
  4742 | Temple   | Reached ** piety under Qazlal
  4880 | D:6      | Found an iron altar of Okawaru.
  5032 | D:6      | Killed by an exploding orc... ignited by their inner flame

Illustrated notes

Levels and vault maps discovered:
D:1:      minmay_arrival_wavy_path, layout_loops_ring
D:2:      layout_basic, uniq_sigmund
D:3:      layout_rooms, mainiacjoe_overflow_paths, reono_crystal_passage,
          minmay_close_crescents
D:4:      layout_basic, grunt_dithmenos_smoke
D:5:      layout_loops_ring, minmay_temple_entry_purple_smoke
D:6:      layout_loops_ring, lemuel_coloured_pillars_altar,
          okawaru_metal_pillars_1_2
Temple:   nicolae_temple_godzebo

Skill      XL: |  1  2  3  4  5  6  7 |
---------------+----------------------+-----
Dodging        | 3 4 5 |  5.0
Stealth        | 2 |  2.0
Unarmed Combat | 3 4 5 |  5.5
Fighting       | 4 5 |  5.0
Armour         | 2 |  2.9

Action                     |  1- 3 |  4- 6 |  7- 9 || total
---------------------------+-------+-------+-------++-------
  Melee: Unarmed           |   141 |   216 |   102 ||   459
         Punch             |     6 |     7 |     3 ||    16
  Evoke: Wand              |       |     2 |       ||     2
    Use: Scroll            |       |     1 |     7 ||     8
         Potion            |       |     1 |       ||     1
   Stab: Sleeping          |     4 |     7 |       ||    11
 Armour: Robe              |    11 |       |       ||    11
         Leather armour    |    24 |    52 |     1 ||    77
         Ring mail         |       |       |    29 ||    29
  Dodge: Dodged            |    84 |   145 |    44 ||   273
  Block: Other             |       |       |     2 ||     2

Table legend: (Time is in decaauts)
 A = Elapsed time spent in this place.
 B = Non-inter-level travel time spent in this place.
 C = Inter-level travel time spent in this place.
 D = Time resting spent in this place.
 E = Time spent auto-exploring this place.
 F = Levels seen in this place.
 G = Mean time per level.
                   A        B        C        D        E       F      G
               +--------+--------+--------+--------+--------+-----+--------+
         Total |   5000 |   4877 |    123 |    119 |   2991 |   7 |  714.3 |
       Dungeon |   4825 |   4726 |     99 |    119 |   2972 |   6 |  804.2 |
        Temple |    174 |    150 |     24 |      0 |     19 |   1 |  174.0 |
               +--------+--------+--------+--------+--------+-----+--------+

Top non-repeatable levels by time:
     D:4: 1230 daAuts
     D:2: 1108 daAuts
     D:1: 836 daAuts
     D:5: 767 daAuts
     D:3: 728 daAuts
  Temple: 174 daAuts
     D:6: 155 daAuts
